 Dungeon Crawl Stone Soup version 0.27-a0-1105-g946c659c87 (webtiles) character file.

Game seed: 4925789680314165234

11265 robertstho the Cleaver (level 11, -4/68 HPs)
             Began as a Tengu Berserker on Apr 29, 2021.
             Was a High Priest of Trog.
             Killed from afar by an efreet (11 damage)
             ... with a fireball
             ... on level 11 of the Dungeon.
             The game lasted 00:15:58 (11156 turns).

robertstho the Cleaver (Tengu Berserker)           Turns: 11156, Time: 00:15:58

Health: -4/68      AC: 17    Str: 20    XL:     11   Next: 75%
Magic:  12/12      EV:  6    Int:  7    God:    Trog [*****.]
Gold:   566        SH: 22    Dex: 15    Spells: 10/10 levels left

rFire    . . .     SeeInvis .   L - +4 broad axe (vorpal)
rCold    . . .     Faith    .   n - +0 tower shield
rNeg     + . .     Spirit   .   N - +2 plate armour {Will+}
rPois    +         Reflect  +   (helmet restricted)
rElec    .         Harm     .   M - +0 cloak
rCorr    .         Rampage  .   (no gloves)
Will     +....                  (boots unavailable)
Stlth    ..........             q - amulet of reflection
HPRegen  0.21/turn              F - ring of positive energy
MPRegen  0.13/turn              f - ring of poison resistance

@: on berserk cooldown, flying quickly and evasively, slowed, invisible, very
slow
A: beak, talons 3, nimble flight
a: Renounce Religion, Berserk, Trog's Hand, Brothers in Arms


You were on level 11 of the Dungeon.
You worshipped Trog.
Trog was extremely pleased with you.
You visited 1 branch of the dungeon, and saw 11 of its levels.

You collected 615 gold pieces.
You spent 49 gold pieces at shops.

Inventory:

Hand Weapons
 e - a +2 hand axe of freezing
 v - the +11 quarterstaff "Puusm" {venom, rF- rCorr Int+3}
   (You found it on level 5 of the Dungeon)

   It poisons the flesh of those it strikes.
   It affects your intelligence (+3).
   It makes you vulnerable to fire.
   It protects you from acid and corrosion.
 C - a +0 eveningstar
 L - a +4 vorpal broad axe (weapon)
Missiles
 g - 3 silver javelins
 E - 2 throwing nets
Armour
 b - a +2 chain mail of cold resistance
 d - +0 acid dragon scales
 n - a +0 tower shield (worn)
 M - a +0 cloak (worn)
 N - a +2 plate armour of willpower (worn)
Jewellery
 f - a ring of poison resistance (right hand)
 q - an amulet of reflection (around neck)
 B - an amulet of regeneration
 F - a ring of positive energy (left hand)
 O - an amulet of magic regeneration
Wands
 D - a wand of iceblast (16)
 I - a wand of mindburst (16)
 J - a wand of flame (11)
Scrolls
 c - 8 scrolls of teleportation
 h - 3 scrolls of blinking {unknown}
 j - 3 scrolls of magic mapping {unknown}
 k - 2 scrolls of immolation {unknown}
 m - 2 scrolls of brand weapon {unknown}
 o - 4 scrolls of amnesia {unknown}
 p - 2 scrolls of holy word {unknown}
 r - a scroll of acquirement {unknown}
 s - a scroll of fear {unknown}
 y - 2 scrolls of enchant armour {unknown}
 A - 2 scrolls of fog {unknown}
 K - 2 scrolls of identify
 P - a scroll of enchant weapon {unknown}
Potions
 a - 2 potions of heal wounds {unknown}
 i - 2 potions of berserk rage {unknown}
 l - 4 potions of haste {unknown}
 t - 2 potions of flight {unknown}
 u - 2 potions of brilliance
 w - 2 potions of invisibility
 x - 5 potions of curing
 z - a potion of cancellation {unknown}
 G - 2 potions of might
 H - 10 potions of ambrosia
Miscellaneous
 Q - a box of beasts


   Skills:
 * Level 8.2 Fighting
 + Level 11.0 Axes
 * Level 9.9 Armour
 + Level 5.2 Dodging
 + Level 2.6 Stealth
 + Level 9.1 Shields


You had 10 spell levels left.
You didn't know any spells.
Your spell library was empty.

Dungeon Overview and Level Annotations

Branches:
Dungeon (11/15)            Temple (0/1) D:5            Lair (0/6) D:9
    Orc (0/2) D:10

Altars:
Ashenzari
Fedhas
Hepliaklqana
Makhleb
Qazlal
Trog
Xom

Shops:
D:2 [   D:4 (   D:9 :   D:10 [(

Annotations:
D:7 2 runed translucent doors, exclusion: orange crystal statue


Innate Abilities, Weirdness & Mutations

You have a beak for a mouth.
You have claws for feet.
Your magical nature lets you fly swiftly and evasively.


Message History

You see here a book of Ice.
You start resting.
A meliai comes into view.
It is wielding a +0 hand axe and wearing a +2 leather armour of fire resistance.
A meliai is nearby!
A meliai is nearby!
A meliai is nearby!
A troll comes into view.
The meliai calls down the wrath of its god upon you.
Something smites you!
The meliai mumbles some strange prayers to its god against you.
Something smites you!
You hit the meliai. Your peck misses the meliai.
The meliai is moderately wounded.
The meliai barely misses you. You block the meliai's attack. x3
The meliai barely misses you. The meliai stings you.
The meliai barely misses you.
The meliai stings you but does no damage.
An efreet comes into view.
It is wielding a +3 scimitar of flaming.
The meliai hits you with a +0 hand axe!
The meliai stings you but does no damage.
Your ogre goes berserk!
You block the meliai's attack.
The meliai hits your ogre with a +0 hand axe.
The meliai stings you.
* * * LOW HITPOINT WARNING * * *
The meliai hits you but does no damage.
The meliai hits your ogre with a +0 hand axe!
You block the meliai's attack. The meliai hits you with a +0 hand axe!
* * * LOW HITPOINT WARNING * * *
The meliai hits your ogre with a +0 hand axe!
You block the meliai's attack.
You fade into invisibility!
The meliai hits you with a +0 hand axe.
* * * LOW HITPOINT WARNING * * *
The meliai hits your ogre with a +0 hand axe.
You block the meliai's attack.
Your ogre barely misses the meliai.
The efreet gestures at you.
The fireball explodes!
The fireball engulfs the troll!!
The fireball engulfs you!
You die...

#........###.##..#○# #..# #...
########........##° ##.## ##.#
#.###..).#R# #..# #.#
###.###...##. ##.## #.#
########.....>...#.# #..# #.#
.........#(.....##) ##.###.#
#############...#.#######.#....<#
###...###T........###...#
###...###♣@##:#.#.##. ###..
###...###♣.y.#.## # ###
###...###♣..O.♣.#..# #
#...###♣......)##.##
#.##.......♣..♣....⌠..
#...###♣.......##..##.
#####...###♣....♣}#..# # .#
###...###♣...#.##.# ### .#
##....###♣.##.#.# ###..


You could see a troll, an efreet, a meliai (ally target) and a friendly ogre
(summoned, berserk).

Vanquished Creatures
  2 two-headed ogres
  Nergalle (D:11)
  2 komodo dragons (D:10)
  A kobold demonologist (D:10)
  A meliai (D:11)
  2 trolls
  2 hornets
  A queen bee (D:10)
  A wyvern (D:10)
  A vampire (D:11)
  6 vampire mosquitoes
  3 wargs (D:9)
  Duvessa (D:5)
  2 water moccasins (D:6)
  A hornet zombie (D:8)
  2 ice beasts (D:5)
  4 orc warriors
  4 sky beasts
  A black bear (D:6)
  2 centaurs
  4 necrophages
  An ogre (D:6)
  A phantom (D:7)
  Blork the orc (D:4)
  A kobold brigand (D:8)
  A gnoll sergeant (D:8)
  8 scorpions
  Dowan (D:5)
  2 water moccasin skeletons
  26 killer bees (D:10)
  5 wights (D:6)
  5 centaur zombies
  2 hounds
  2 orc priests (D:9)
  2 centaur skeletons
  3 iguanas
  4 orc wizards
  Terence (D:2)
  A hound skeleton (D:4)
  Robin (D:4)
  6 gnolls
  A howler monkey zombie (D:9)
  5 adders
  2 white imps
  2 ufetubi
  5 worms
  3 dart slugs
  33 orcs
  8 ball pythons
  13 bats
  4 endoplasms
  5 giant cockroaches
  17 goblins
  7 hobgoblins
  2 jackals (D:1)
  8 kobolds
  2 quokkas
  A frilled lizard (D:3)
  5 rats
241 creatures vanquished.

Vanquished Creatures (collateral kills)
  Maggie (D:10)
1 creature vanquished.

Vanquished Creatures (others)
  A fungus (D:6)
  3 plants (D:11)
4 creatures vanquished.

Grand Total: 246 creatures vanquished

Notes
Turn   | Place    | Note
-------+----------+-------------------------------------------
     0 | D:1      | robertstho the Tengu Berserker began the quest for the Orb.
     0 | D:1      | Reached XP level 1. HP: 14/14 MP: 2/2
   130 | D:1      | Reached XP level 2. HP: 12/19 MP: 3/3
   985 | D:2      | Reached XP level 3. HP: 17/24 MP: 4/4
  1122 | D:2      | Noticed Terence
  1544 | D:2      | Found Louc Uxu's Armour Emporium.
  1551 | D:2      | Bought a +0 tower shield for 49 gold pieces
  1617 | D:2      | Reached XP level 4. HP: 29/29 MP: 5/5
  1972 | D:2      | Found a faded altar of an unknown god.
  2047 | D:2      | Killed Terence
  2048 | D:2      | Reached skill level 4 in Axes
  2098 | D:3      | Reached ** piety under Trog
  2146 | D:3      | Reached skill level 1 in Stealth
  2205 | D:3      | Gained mutation: Your magical nature lets you fly swiftly
                  | and evasively. [Tengu growth]
  2205 | D:3      | Reached XP level 5. HP: 30/33 MP: 6/6
  3313 | D:4      | Found a faded altar of an unknown god.
  3313 | D:4      | Found a faded altar of an unknown god.
  3313 | D:4      | Found a hazy altar of Hepliaklqana.
  3313 | D:4      | Found a faded altar of an unknown god.
  3317 | D:4      | Reached *** piety under Trog
  3336 | D:4      | Found a bloodstained altar of Trog.
  3540 | D:4      | Found Otyi's Weapon Shop.
  3611 | D:4      | Noticed a necrophage
  3616 | D:4      | Killed a necrophage
  3617 | D:4      | Reached skill level 5 in Axes
  3617 | D:4      | Reached XP level 6. HP: 31/39 MP: 7/7
  3685 | D:4      | Noticed Robin
  3704 | D:4      | Killed Robin
  3847 | D:4      | Noticed an orc warrior
  3855 | D:4      | Killed an orc warrior
  3856 | D:4      | Reached skill level 1 in Shields
  3856 | D:4      | Reached XP level 7. HP: 44/44 MP: 8/8
  3953 | D:4      | Noticed Blork the orc
  3963 | D:4      | Killed Blork the orc
  4184 | D:5      | Entered Level 5 of the Dungeon
  4220 | D:5      | Noticed Duvessa
  4221 | D:5      | Noticed Dowan
  4226 | D:5      | Reached skill level 5 in Armour
  4233 | D:5      | Killed Dowan
  4233 | D:5      | Reached **** piety under Trog
  4238 | D:5      | Reached skill level 6 in Axes
  4238 | D:5      | Killed Duvessa
  4239 | D:5      | Reached skill level 5 in Fighting
  4239 | D:5      | Reached XP level 8. HP: 23/49 MP: 9/9
  4246 | D:5      | Identified the +11 quarterstaff "Puusm" {venom, rF- rCorr
                  | Int+3}
  4570 | D:5      | Found a staircase to the Ecumenical Temple.
  5016 | D:6      | Reached skill level 7 in Axes
  5240 | D:6      | Reached XP level 9. HP: 55/55 MP: 10/10
  5615 | D:6      | Reached skill level 8 in Axes
  5651 | D:6      | Found a shimmering altar of Xom.
  6293 | D:7      | Found a runed translucent door.
  6295 | D:7      | Noticed an orange crystal statue
  6299 | D:7      | Found the +10 tower shield of Ignorance {rN+ Int-4}
  6453 | D:7      | Found a runed translucent door.
  6547 | D:7      | Reached skill level 5 in Shields
  6722 | D:7      | Found a blossoming altar of Fedhas.
  6843 | D:8      | Found a stormy altar of Qazlal.
  6923 | D:8      | Noticed a hornet
  6934 | D:8      | Killed a hornet
  6939 | D:8      | Reached XP level 10. HP: 41/61 MP: 11/11
  7219 | D:8      | Reached skill level 9 in Axes
  7654 | D:9      | Found a staircase to the Lair.
  7662 | D:9      | Reached ***** piety under Trog
  7783 | D:9      | Noticed a two-headed ogre
  7793 | D:9      | Killed a two-headed ogre
  8204 | D:9      | Found Tashak's Book Shoppe.
  8357 | D:9      | Found a burning altar of Makhleb.
  8499 | D:10     | Entered Level 10 of the Dungeon
  8562 | D:10     | Found Dumohuc's Armour Boutique.
  8564 | D:10     | Found a staircase to the Orcish Mines.
  8564 | D:10     | Found Jitem's Weapon Boutique.
  8595 | D:10     | Reached skill level 10 in Axes
  8801 | D:10     | Noticed Maggie
  8812 | D:10     | Killed Maggie
  8813 | D:10     | Reached XP level 11. HP: 15/67 MP: 12/12
  9322 | D:10     | Found a broken altar of Ashenzari.
  9572 | D:10     | Reached skill level 5 in Dodging
  9751 | D:10     | Received a gift from Trog
 10347 | D:11     | Noticed a two-headed ogre
 10353 | D:11     | Killed a two-headed ogre
 10624 | D:11     | Noticed Nergalle
 10626 | D:11     | Noticed a spectral orc warlord
 10642 | D:11     | Killed Nergalle
 11135 | D:11     | Reached skill level 11 in Axes
 11156 | D:11     | Killed from afar by an efreet

Illustrated notes

Levels and vault maps discovered:
D:1:      grunt_arrival_lava_bath, layout_basic, st_stairs_11,
          chequers_hall_statues_wall_a
D:2:      layout_loops_ring, basic_ecumenical_altar, serial_shops,
          nicolae_shop_trees, kennysheep_generic_room_3, uniq_terence
D:3:      layout_basic
D:4:      layout_basic, kennysheep_little_box,
          nicolae_hepliaklqana_ecumenical_no_more, serial_curves,
          eino_curves_01, eino_curves_03, serial_shops, shop_statue,
          minmay_bent, uniq_blork_the_orc, uniq_robin
D:5:      layout_rooms, minmay_temple_entry_wispy, uniq_duvessa
D:6:      old_forge, layout_basic, general_overflow_altar,
          kennysheep_windowed_goal
D:7:      layout_gridville, lemuel_tele_altar, minmay_misc_feat_hallway,
          chequers_guarded_unrand_ignorance
D:8:      layout_layer_cave, nicolae_qazlal_style_of_elements
D:9:      layout_roguey, lemuel_doored_altar, erik_lair_orcish_takeover,
          serial_shops, nicolae_shop_temple_entry_statues_fountains,
          minmay_stone_trees_medium
D:10:     layout_roguey [special_room_bee], nicolae_ashenzari_skybound,
          orc_david_3, uniq_maggie
D:11:     minmay_the_grid_four_pointed_star_mashed
          [minmay_the_grid_triangle_9x9_intruding_spiral,
          minmay_the_grid_triangle_9x9_flanged_cone,
          minmay_the_grid_triangle_9x9_shrine,
          minmay_the_grid_triangle_9x9_from_above,
          minmay_the_grid_prize_trominoes], layout_loops_ring, uniq_nergalle

Skill      XL: |  1  2  3  4  5  6  7  8  9 10 11 |
---------------+----------------------------------+-----
Armour         | 3 4 5 6 8 9 |  9.9
Axes           | 4 5 6 7 8 10 11 | 11.0
Stealth        | 1 2 |  2.6
Fighting       | 4 5 6 7 8 |  8.2
Dodging        | 3 4 5 |  5.2
Shields        | 1 2 3 5 7 9 |  9.1

Action                   |  1- 3 |  4- 6 |  7- 9 | 10-12 || total
-------------------------+-------+-------+-------+-------++-------
Melee: Hand axe          |    65 |   120 |   235 |   274 ||   694
       Peck              |    10 |    21 |    40 |    60 ||   131
       Kick              |    10 |    36 |    75 |   102 ||   223
       Broad axe         |       |       |       |    34 ||    34
Invok: Berserk           |       |     5 |     4 |    10 ||    19
       Trog's Hand       |       |       |     1 |     2 ||     3
       Brothers in Arms  |       |       |       |     2 ||     2
  Use: Scroll            |     1 |     2 |     2 |     3 ||     8
       Potion            |       |       |       |     1 ||     1
 Stab: Sleeping          |     1 |       |       |       ||     1
       Distracted        |       |       |       |     1 ||     1
Armor: Animal skin       |    22 |       |       |       ||    22
       Ring mail         |     9 |     2 |       |       ||    11
       Chain mail        |       |    53 |    97 |   120 ||   270
       Plate armour      |       |       |       |     7 ||     7
Dodge: Dodged            |    73 |    18 |    32 |    74 ||   197
Block: Tower shield      |     2 |    56 |   235 |   474 ||   767
       Reflection        |       |       |     1 |     6 ||     7

Table legend: (Time is in decaauts)
 A = Elapsed time spent in this place.
 B = Non-inter-level travel time spent in this place.
 C = Inter-level travel time spent in this place.
 D = Time resting spent in this place.
 E = Time spent auto-exploring this place.
 F = Levels seen in this place.
 G = Mean time per level.
                   A        B        C        D        E       F      G
               +--------+--------+--------+--------+--------+-----+--------+
         Total |  10986 |  10561 |    425 |   1161 |   7658 |  11 |  998.7 |
       Dungeon |  10986 |  10561 |    425 |   1161 |   7658 |  11 |  998.7 |
               +--------+--------+--------+--------+--------+-----+--------+

Top non-repeatable levels by time:
    D:10: 1629 daAuts
     D:6: 1235 daAuts
     D:2: 1161 daAuts
     D:3: 1054 daAuts
     D:4: 986 daAuts
    D:11: 980 daAuts
     D:1: 971 daAuts
     D:8: 865 daAuts
     D:5: 792 daAuts
     D:9: 747 daAuts
     D:7: 561 daAuts
